 Dungeon Crawl Stone Soup version 0.29.0-13-gc9e81de378 (webtiles) character file.

Game seed: 576493735495622936

2 avis the Caller (level 1, 0/7 HPs)
             Began as a Felid Summoner on Sept 7, 2022.
             Slain by a kobold
             ... wielding a +5 short sword
              (7 damage)
             ... on level 1 of the Dungeon.
             The game lasted 00:01:17 (129 turns).

avis the Caller (Felid Summoner)                     Turns: 129, Time: 00:01:17

Health: 0/7        AC:  1    Str:  4    XL:     1   Next: 33%
Magic:  0/4        EV: 17    Int: 16    God:
Gold:   0          SH:  0    Dex: 16    Spells: 3/4 levels left
                                        Lives:  0   Deaths: 0

rFire   . . .      SeeInvis +   (weapon unavailable)
rCold   . . .      Faith    .   (shield unavailable)
rNeg    . . .      Spirit   .   (body armour unavailable)
rPois   .          Reflect  .   (helmet unavailable)
rElec   .          Harm     .   (cloak unavailable)
rCorr   .          Rampage  .   (gloves unavailable)
Will    .....                   (boots unavailable)
Stlth   ++........              (no amulet)
HPRegen 0.02/turn               (no ring)
MPRegen 0.09/turn               (no ring)

@: quick
A: very small, claws 1, fangs 3, see invisible, speed 1, shaggy fur 1, stealthy
paws, no weapons or thrown items, no armour, multi-lived
a: no special abilities


You were on level 1 of the Dungeon.
You visited 1 branch of the dungeon, and saw 1 of its levels.

Inventory:

Potions
 a - a potion of magic


   Skills:
 - Level 2.6 Dodging
 - Level 2.6 Stealth
 * Level 2.1 Spellcasting
 + Level 4.0 Summonings


You had 3 spell levels left.
You knew the following spells:

 Your Spells              Type           Power      Damage    Failure   Level
a - Summon Small Mammal   Summ           56%        N/A       3%          1

Your spell library contained the following spells:

 Spells                   Type           Power      Damage    Failure   Level
 Call Imp                 Summ           14%        N/A       6%          2
 Call Canine Familiar     Summ           14%        N/A       12%         3
 Summon Guardian Golem    Hex/Summ       8%         N/A       26%         3
 Summon Lightning Spire   Summ/Air       8%         N/A       65%         4


Dungeon Overview and Level Annotations

Branches:
Dungeon (1/15)

Altars:


Innate Abilities, Weirdness & Mutations

You have sharp claws.
You have razor-sharp teeth.
You have supernaturally acute eyesight. (SInv)
You cover ground quickly. (Speed+)
You are covered in fur. (AC +1)
Your paws help you pounce on unaware monsters.
You are incapable of wielding weapons or throwing items.
You cannot wear armour.
You gain extra lives every three experience levels.


Message History

Your bat barely misses the frilled lizard. x2
The frilled lizard misses your bat.
Your bat misses the frilled lizard. The frilled lizard bites your bat.
Your bat hits the frilled lizard. Your bat hits the frilled lizard.
The frilled lizard dies!
Your magical contamination has completely faded away.
Your bat barely misses the kobold.
Your bat hits the kobold but does no damage.
The kobold misses your bat.
Your bat closely misses the kobold.
Your bat hits the kobold but does no damage. x2
The kobold hits your bat but does no damage.
Unknown command.
Your bat barely misses the kobold.
The kobold hits your bat with a +5 short sword.
Your bat dies!
Your bat's corpse disappears in a puff of smoke!
What are your orders? t - Meow!
Orders for allies: a - Attack new target. r - Retreat! s - Stop attacking. g - Guard the area. f - Follow me.
Anything else - Cancel.
Gang up on whom?
Press: ? - help, Dir - move target, f - kobold
Aim: a kobold, wielding a +5 short sword (ally target) Attack!
The kobold hits your rat with a +5 short sword.
Your rat dies!
Your rat's corpse disappears in a puff of smoke!
Casting: Summon Small Mammal (safe; 3% risk of failure)
Confirm with . or Enter, or press ? or * to list all spells.
Casting: Summon Small Mammal (safe; 3% risk of failure)
Confirm with . or Enter, or press ? or * to list all spells.
You don't have enough magic to cast this spell.
Unknown command.
You barely miss the kobold.
The kobold hits you with a +5 short sword!
Ouch! That really hurt!
You die...

#........
#........
#........
#.##+#### #)#
#######)#####.#
#.............#+#
###.###r####.....
#.#..@K........
#.#.#.####...g.
#.#.#.# ... #.#
#.# # #.# #.# #.#
#.# #.# #.# #.#
#.# #.#


You could see a kobold (ally target) and a friendly quokka (summoned).

Vanquished Creatures
  A kobold (D:1)
1 creature vanquished.

Vanquished Creatures (collateral kills)
  A frilled lizard (D:1)
  A kobold (D:1)
2 creatures vanquished.

Grand Total: 3 creatures vanquished

Notes
Turn   | Place    | Note
-------+----------+-------------------------------------------
     0 | D:1      | avis the Felid Summoner began the quest for the Orb.
     0 | D:1      | Reached XP level 1. HP: 7/7 MP: 4/4
   129 | D:1      | Slain by a kobold

Illustrated notes

Levels and vault maps discovered:
D:1:      heliophobic_arrival_battle_scene, layout_basic,
          ebering_ecumenical_altar_webs

Action                   || total
-------------------------++-------
Melee: Unarmed           ||     3
 Cast: Summon Small Mamm ||     9
 Stab: Distracted        ||     1
Dodge: Dodged            ||     1
